AoeStats
← [PSCH] R!ce

African Clearing

505714694Analyzed
2v2 RM · 22d ago on Sep 10, 2026· 34m 55s· 4 players
Game mode
Random Map
Map size
Medium (4 player)
Population
200
Speed
Normal
Resources
Standard
Victory
Conquest
Starting age
Dark Age
Ending age
Imperial Age
RankedLock teamsTeams togetherTeam positionsShared explorationLock speedFull tech treeHidden civsTurbo modeCheats
Victory
Defeat
🇨🇭 Vikings · Switzerland
1423
+16
🇨🇭 Byzantines · Switzerland
1398
+17
🇨🇭 Armenians · Switzerland
1454
-17
🇨🇭 Saracens · Switzerland
1406
-16
[PSCH] Dumec
8:24 Loom
12:37 Feudal Age
13:18 Double-Bit Axe
20:07 Fletching
27:56 Castle Age
26:09 Gold Mining
26:48 Padded Archer Armor
28:34 Bodkin Arrow
28:38 Crossbowman
30:38 Ballistics
32:28 Leather Archer Armor
^^6-=MajorEjac****=-
8:30 Loom
12:48 Feudal Age
16:59 Castle Age
19:37 Scale Barding Armor
19:51 Double-Bit Axe
19:49 Horse Collar
23:01 Bow Saw
23:46 Elite Skirmisher
29:06 Redemption
33:37 Imperial Age
32:57 Wheelbarrow
34:47 Heavy Plow
35:33 Conscription
35:37 Hand Cart
[PSCH] wolverito
9:42 Loom
12:19 Feudal Age
12:51 Double-Bit Axe
14:39 Fletching
21:53 Castle Age
21:09 Padded Archer Armor
21:10 Gold Mining
22:09 Scale Mail Armor
21:56 Crossbowman
23:23 Bodkin Arrow
23:03 Pikeman
32:44 Leather Archer Armor
34:42 Light Cavalry
35:32 Bloodlines
[PSCH] R!ce
6:02 Loom
12:14 Feudal Age
12:15 Man-at-Arms
25:38 Castle Age
24:42 Double-Bit Axe
25:59 Padded Archer Armor
25:50 Fletching
26:57 Elite Skirmisher
32:08 Leather Archer Armor
Connection lost

Rejoining the realm…

Still unreachable

The connection could not be restored.

Session expired

The server has moved on; the page needs a fresh start.